 Dungeon Crawl Stone Soup version 0.30-a0-1066-g63dfefce0d (webtiles) character file.

Game seed: 5258966385360927580

134920 LustLizard the Severer (level 17, -17/151 HPs)
             Began as a Hill Orc Monk on Apr 13, 2023.
             Was the Champion of Beogh.
             Killed from afar by a frost giant (22 damage)
             ... with a bolt of cold
             ... on level 4 of the Shoals.
             The game lasted 01:13:43 (34809 turns).

LustLizard the Severer (Hill Orc Monk)             Turns: 34809, Time: 01:13:44

Health: -17/151    AC: 25    Str: 21    XL:     17   Next: 18%
Magic:  38/38      EV:  7    Int: 12    God:    Beogh [******]
Gold:   2438       SH: 12    Dex: 13    Spells: 20/26 levels left

rFire   + + .      SeeInvis .    j - +6 broad axe (drain)
rCold   . . .      Faith    .    h - +1 kite shield
rNeg    . . .      Spirit   .    P - +1 plate armour {Will+}
rPois   .          Reflect  .    Z - +0 helmet
rElec   +          Rampage  .    l - +0 cloak
rCorr   +          NoCast   +    t - +2 pair of gloves {Str+3}
Will    +....                    E - +2 pair of boots Stlth
                                 I - amulet "Gessik" {-Cast rF+ Regen+ rCorr Dex+5}
HPRegen 1.25/turn                H - +4 ring of protection
MPRegen 0.26/turn                e - ring "Noxzah" {rElec Will+ rCorr MP+9 Dex-5}

@: weak-willed, studying 2 skills
A: walk on water, dopey 1, fire resistance 1, wild magic 1
a: Renounce Religion, Smiting, Recall Orcish Followers, Give Item to Named
Follower, Resurrection


You were on level 4 of the Shoals.
You worshipped Beogh.
Beogh was exalted by your worship.
You visited 4 branches of the dungeon, and saw 26 of its levels.
You also visited: Ice Cave.

You collected 3374 gold pieces.
You spent 936 gold pieces at shops.

Inventory:

Hand Weapons
 j - a +6 broad axe of draining (weapon)
 V - a +1 demon blade of freezing
Missiles
 s - 49 poisoned darts (quivered)
 F - 7 throwing nets
Armour
 h - a +1 kite shield (worn)
 l - a +0 cloak (worn)
 t - a +2 pair of gloves of strength (worn)
 E - a +2 pair of boots (worn)
 P - a +1 plate armour of willpower (worn)
 Z - a +0 helmet (worn)
Jewellery
 e - the ring "Noxzah" (right hand) {rElec Will+ rCorr MP+9 Dex-5}
   (You found it on level 14 of the Dungeon)

   [ring of willpower]

   Dex:       It affects your dexterity (-5).
   rElec:     It insulates you from electricity.
   MP:        It affects your magic capacity (+9).
   rCorr:     It protects you from acid and corrosion.
   Will:      It increases your willpower.
 p - an amulet of regeneration
 u - a ring of resist corrosion
 G - a ring of protection from fire
 H - a +4 ring of protection (left hand)
 I - the amulet "Gessik" (around neck) {-Cast rF+ Regen+ rCorr Dex+5}
   (You found it on level 4 of the Shoals)

   [amulet of regeneration]

   Dex:       It affects your dexterity (+5).
   rF:        It protects you from fire.
   -Cast:     It prevents spellcasting.
   Regen:     It increases your rate of health regeneration.
   rCorr:     It protects you from acid and corrosion.
 K - a ring of flight
 O - the ring of Sunlight {+Blink rN+}
   (You found it on level 2 of the Lair of Beasts)

   [ring of positive energy]

   rN:        It protects you from negative energy.
   +Blink:    It lets you blink.
 R - a ring of poison resistance
 S - a ring of see invisible
 U - a ring of ice
 Y - the ring "Kiamen" {Wiz Fly Str+3 Int+3}
   (You found it in an ice cave)

   [ring of wizardry]

   It improves your spell success rate.
   Str:       It affects your strength (+3).
   Int:       It affects your intelligence (+3).
   Fly:       It grants you flight.
Wands
 x - a wand of charming (20)
 y - a wand of mindburst (7)
 B - a wand of polymorph (23)
 J - a wand of flame (16)
 M - a wand of iceblast (6)
Scrolls
 b - 2 scrolls of blinking
 d - 2 scrolls of identify
 i - 6 scrolls of fear
 m - 4 scrolls of amnesia
 n - 9 scrolls of fog
 q - 4 scrolls of immolation
 v - 4 scrolls of magic mapping
 w - 15 scrolls of teleportation
 z - 6 scrolls of silence
 X - a scroll of summoning
Potions
 a - a potion of magic
 c - 2 potions of ambrosia
 f - 2 potions of brilliance
 g - 9 potions of curing
 k - 2 potions of berserk rage
 o - 5 potions of cancellation
 r - 3 potions of haste
 A - 4 potions of flight
 C - 3 potions of might
 D - a potion of invisibility
 L - 5 potions of resistance
 N - 2 potions of heal wounds
 Q - 2 potions of mutation
Miscellaneous
 T - a phial of floods
 W - a phantom mirror


   Skills:
 + Level 13.7 Fighting
 - Level 19.1 Axes
 + Level 3.9 Armour
 - Level 7.9 Dodging
 - Level 1.5 Stealth
 + Level 10.1 Shields
 + Level 5.2 Spellcasting
 * Level 6.7 Summonings
 - Level 6.0 Translocations
 * Level 6.7 Earth Magic
 * Level 16.4 Invocations
 * Level 9.9 Evocations


You had 20 spell levels left.
You knew the following spells:

 Your Spells              Type           Power      Damage    Failure   Level
a - Blink                 Tloc           44%        N/A       86%         2
b - Animate Armour        Summ/Erth      50%        N/A       100%        4

Your spell library contained the following spells:

 Spells                   Type           Power      Damage    Failure   Level
 Apportation              Tloc           44%        N/A       75%         1
 Lesser Beckoning         Tloc           44%        N/A       86%         2
 Gell's Gravitas          Tloc           22%        N/A       97%         3
 Teleport Other           Tloc           22%        N/A       97%         3
 Momentum Strike          Conj/Tloc      26%        3d8       99%         2
 Freeze                   Ice            16%        1d4       100%        1
 Kiss of Death            Conj/Necr      16%        2d6       100%        1
 Magic Dart               Conj           16%        1d3       100%        1
 Necrotise                Necr           16%        1d4       100%        1
 Sting                    Tmut/Pois      16%        1d3       100%        1
 Poisonous Vapours        Pois/Air       8%         N/A       100%        2
 Searing Ray              Conj           8%         2d4       100%        2
 Confusing Touch          Hex            4%         N/A       100%        3
 Frozen Ramparts          Ice            8%         1d2       100%        3
 Hailstorm                Conj/Ice       4%         3d4       100%        3
 Inner Flame              Hex/Fire       4%         N/A       100%        3
 Stone Arrow              Conj/Erth      28%        3d8       100%        3
 Vampiric Draining        Necr           4%         2d6       100%        3
 Dispel Undead            Necr           4%         3d7       100%        4
 Flame Wave               Conj/Fire      4%         2d5       100%        4
 Fulminant Prism          Conj/Hex       2%         3d5       100%        4
 Ice Form                 Ice/Tmut       4%         N/A       100%        4
 Olgreb's Toxic Radiance  Pois           4%         N/A       100%        4
 Sticky Flame             Conj/Fire      4%         2d3       100%        4
 Agony                    Necr           4%         N/A       100%        5
 Alistair's Intoxication  Tmut/Pois      2%         N/A       100%        5
 Yara's Violent Unravell  Hex/Tmut       2%         3d3       100%        5
 Eringya's Noxious Bog    Tmut/Pois      2%         N/A       100%        6
 Plasma Beam              Fire/Air       2%         2x1d13    100%        6
 Simulacrum               Ice/Necr       2%         N/A       100%        6
 Starburst                Conj/Fire      2%         6d3       100%        6
 Summon Cactus Giant      Summ           12%        N/A       100%        6
 Enfeeble                 Hex            2%         N/A       100%        7
 Lehudib's Crystal Spear  Conj/Erth      7%         10d3      100%        8


Dungeon Overview and Level Annotations

Branches:
Dungeon (15/15)            Temple (0/1) D:4            Lair (5/5) D:9
 Shoals (4/4) Lair:3        Snake (0/4) Lair:2        Slime (0/5) Lair:5
    Orc (2/2) D:11            Elf (0/3) Orc:2        Vaults (0/5) D:14
 Depths (0/4) D:15          IceCv (visited)

Altars:
Fedhas
Hepliaklqana
Qazlal
Ru
Uskayaw
Vehumet
Wu Jian
Jiyva

Shops:
Orc:2 !?::   Shoals:3 ?

Annotations:
D:10 exclusion: 5 doors


Innate Abilities, Weirdness & Mutations

You can walk on water.
You are dopey. (Int -2)
Your flesh is heat resistant. (rF+)
Your spells are a little harder to cast, but a little more powerful.


Message History

* * * LOW HITPOINT WARNING * * *
You slash the frost giant!
The frost giant is heavily wounded.
You hit the merfolk aquamancer.
You kill the merfolk aquamancer!
Beogh accepts your kill.
You barely miss the merfolk javelineer.
A merfolk impaler comes into view. It is wielding a +3 trident of venom.
The merfolk javelineer throws a javelin.
The javelin barely misses you.
You barely miss the merfolk javelineer.
The merfolk javelineer is severely wounded.
You slash the frost giant!
The frost giant gestures at you while chanting.
The bolt of cold misses you.
The bolt of cold hits the plant!!!
The plant begins to die.
The faun unwields a +0 club.
The faun wields a +0 sling.
The faun shoots a sling bullet.
The sling bullet barely misses your orc priest.
You block the sling bullet.
You hit the merfolk javelineer. You drain the merfolk javelineer.
The merfolk javelineer is severely wounded.
You hit the frost giant but do no damage.
The merfolk javelineer hits you with a +0 heavy spear.
* * * LOW HITPOINT WARNING * * *
The frost giant casts a spell at you. The bolt of cold hits you!!!
* * * LOW HITPOINT WARNING * * *
The bolt of cold hits the plant!!!
Your orc priest hits the merfolk javelineer with a +0 club.
You hit the merfolk javelineer. You drain the merfolk javelineer.
The merfolk javelineer is almost dead.
You slash the frost giant! You drain the frost giant.
The faun is engulfed in a cloud of scalding steam.
The faun casts a spell at you.
Your orc priest is outlined in light.
Your orc priest is engulfed in a cloud of scalding steam.
Your orc priest hits the faun with a +0 club.
The frost giant points at you and mumbles some strange words.
The bolt of cold hits you!!
You die...

≈≈≈≈≈≈≈≈≈o~~~~#######..........≈≈
≈≈≈≈≈≈≈≈≈≈~...~...............~~≈
≈≈≈≈≈≈≈≈≈≈~..~~...............~~~
≈≈≈≈≈≈≈≈≈≈~..~~...........~..~~~~
≈≈≈~~~~...~~...~~.......~~~~~~~~~
~~~~~...................~~~~~~~~~
~~~...}.........c~~~~~~~~~~~~~~~~
~~.............)oC~m~#~##~~~~~~~≈
~~.............§@mt##### #~~~
~..............§)##cSm~#
~...............~# m ~≈~
.............P..§# #
~...............§~#
~..............~~~#
~~~........P...~~##
~~~~~~..........~#
≈~~~~~~~P.........


You could see an alligator snapping turtle, a frost giant (drained), 2 merfolk
impalers, a merfolk javelineer (drained), a sea snake, 2 fauns and a friendly
orc priest (strong, corona).

Vanquished Creatures
  A kraken (Shoals:2)
  An azure jelly (IceCv)
  A quicksilver ooze (IceCv)
  Nessos (D:13)
  7 merfolk impalers
  2 merfolk javelineers
  Harold (D:10)
  2 ice dragons (D:15)
  8 vault guards (D:14)
  6 centaur warriors
  3 hydras
  A boulder beetle (D:13)
  6 two-headed ogres
  4 merfolk avatars
  2 tengu warriors
  A merfolk aquamancer (Shoals:4)
  2 satyrs
  2 death yaks (Lair:5)
  An orc high priest (Orc:2)
  Sonja (Lair:5)
  11 skysharks
  Lodul (D:13)
  10 sea snakes
  A wizard (D:15)
  A necromancer (Lair:4)
  An orc knight (D:15)
  19 harpies
  A wolf spider (D:13)
  4 deep elf pyromancers (D:14)
  7 fauns
  2 cyclopes
  18 ugly things
  11 manticores
  An elephant (Lair:4)
  A black mamba (Lair:5)
  2 ice statues (IceCv)
  6 merfolk sirens
  4 water nymphs
  A torpor snail (Lair:5)
  16 cane toads
  An unseen horror (D:12)
  4 rime drakes
  6 komodo dragons
  34 merfolk
  2 wind drakes
  A meliai (D:14)
  2 polar bears
  5 trolls
  2 hornets
  15 blink frogs
  5 dream sheep
  Prince Ribbit (D:8)
  8 snapping turtles
  42 slime creatures
  A centaur simulacrum (D:15)
  35 yaks
  A water elemental (Shoals:1)
  2 shadows
  4 wraiths
  3 basilisks
  5 wyverns
  Grum (D:5)
  3 steam dragons
  A golden eye (shapeshifter) (D:14)
  16 vampire mosquitoes
  Menkaure (D:7)
  2 nagas (Lair:2)
  10 water moccasins
  2 orc warriors
  A meliai simulacrum (D:15)
  A black bear (D:5)
  4 great orb of eyes simulacra (IceCv)
  10 ogres
  8 wolves
  10 centaurs
  2 phantoms
  A kobold brigand (D:6)
  A slime creature simulacrum (IceCv)
  2 glowing shapeshifter simulacra (IceCv)
  13 bullfrogs
  2 scorpions
  5 gnoll sergeants
  3 killer bees (D:8)
  13 electric eels
  A howler monkey (D:6)
  2 jellies (Lair:5)
  A gnoll bouda (D:5)
  8 orc priests
  11 hounds
  A sleepcap (D:7)
  Jessica (D:3)
  Ijyb (D:3)
  4 iguanas
  12 orc wizards
  7 hell rats
  3 polar bear simulacra (Lair:4)
  2 shapeshifter simulacra (IceCv)
  A wolf simulacrum (Lair:4)
  2 yak simulacra (Lair:4)
  2 ogre zombies (D:11)
  26 gnolls
  9 adders
  4 dart slugs
  17 orcs
  11 ball pythons
  3 bats
  14 endoplasms
  5 giant cockroaches
  28 goblins
  18 hobgoblins
  6 jackals (D:5)
  5 quokkas
  5 frilled lizards
  2 goblin skeletons (D:11)
  2 hobgoblin skeletons (D:11)
  2 hobgoblin zombies (D:11)
  17 kobolds
  An orc skeleton (D:11)
  13 orc zombies (D:11)
  5 rats
  A river rat simulacrum (Lair:4)
  2 bushes (D:1)
  4 tentacles (Shoals:2)
721 creatures vanquished.

Vanquished Creatures (collateral kills)
  Frances (D:13)
  4 hydras
  A catoblepas (Lair:5)
  A two-headed ogre (D:9)
  A satyr (Shoals:4)
  2 orc high priests (Orc:2)
  A skyshark (Lair:5)
  2 harpies
  A faun (Shoals:4)
  2 elephants (Lair:4)
  3 manticores
  A black mamba (Lair:3)
  Maurice (D:8)
  3 merfolk sirens
  A cane toad (Lair:3)
  2 komodo dragons
  3 trolls (Orc:2)
  9 blink frogs
  3 merfolk
  A hornet (D:8)
  A polar bear (Lair:5)
  3 dream sheep
  A snapping turtle (Shoals:2)
  2 slime creatures
  2 vampires
  A shadow (D:11)
  2 wyverns
  2 wraiths
  12 yaks
  5 vampire mosquitoes
  2 basilisks
  A naga (Lair:2)
  A two-headed ogre zombie (D:11)
  An ice beast (D:7)
  Duvessa (D:7)
  4 water moccasins
  8 orc warriors
  A wolf (Lair:2)
  3 ogres (Orc:2)
  7 centaurs
  2 kobold brigands
  2 bullfrogs
  A troll zombie (D:11)
  Dowan (D:7)
  3 killer bees (D:8)
  4 electric eels
  A hound (D:9)
  13 orc priests
  A gnoll bouda (D:8)
  7 hell rats
  2 yak simulacra (Lair:4)
  3 orc wizards
  A polar bear simulacrum (Lair:4)
  4 ogre zombies (D:11)
  8 gnolls
  An adder (D:5)
  A shadow imp (D:7)
  A white imp (D:7)
  11 orcs
  6 hobgoblins (D:6)
  5 kobolds
  9 goblins (D:6)
  A goblin skeleton (D:11)
  A goblin zombie (D:11)
  3 orc zombies (D:11)
  A river rat simulacrum (Lair:4)
  A butterfly (Lair:4)
197 creatures vanquished.

Vanquished Creatures (others)
  An orc high priest (Lair:5)
  3 orc knights
  2 orc sorcerers
  11 orc priests
  6 orc warriors
  7 orc wizards
  A gnoll (D:7)
  20 orcs
  2 goblins (D:6)
  3 bushes (D:15)
  32 fungi
  144 plants
  2 tentacles (Shoals:2)
234 creatures vanquished.

Grand Total: 1152 creatures vanquished

Notes
Turn   | Place    | Note
-------+----------+-------------------------------------------
     0 | D:1      | LustLizard the Hill Orc Monk began the quest for the Orb.
     0 | D:1      | Reached XP level 1. HP: 19/19 MP: 1/1
    30 | D:1      | Found a faded altar of an unknown god.
    40 | D:1      | Reached XP level 2. HP: 27/27 MP: 2/2
   311 | D:1      | Reached skill level 1 in Shields
   605 | D:1      | Reached XP level 3. HP: 32/33 MP: 3/3
  1595 | D:2      | Found a blossoming altar of Fedhas.
  1878 | D:2      | Reached XP level 4. HP: 40/40 MP: 4/4
  2421 | D:3      | Reached skill level 5 in Axes
  2531 | D:3      | Noticed Jessica
  2546 | D:3      | Killed Jessica
  2547 | D:3      | Reached XP level 5. HP: 37/47 MP: 3/5
  2648 | D:3      | Became a worshipper of Beogh the Brigand
  2648 | D:3      | Reached * piety under Beogh
  2648 | D:3      | Reached ** piety under Beogh
  3054 | D:4      | Noticed Ijyb
  3071 | D:3      | Killed Ijyb
  3395 | D:4      | Reached skill level 5 in Fighting
  3395 | D:4      | Reached XP level 6. HP: 56/56 MP: 6/6
  3578 | D:4      | Found a staircase to the Ecumenical Temple.
  3582 | D:4      | Identified the +6 trident "Efaan" {spect, *Rage rN++}
  3840 | D:5      | Entered Level 5 of the Dungeon
  3905 | D:5      | Reached skill level 6 in Axes
  3961 | D:5      | Found a hide-covered altar of Uskayaw.
  3982 | D:5      | Reached XP level 7. HP: 61/61 MP: 7/7
  4155 | D:5      | Reached *** piety under Beogh
  4198 | D:5      | Reached skill level 7 in Axes
  4402 | D:5      | Reached XP level 8. HP: 64/70 MP: 8/8
  4499 | D:5      | Noticed Grum
  4506 | D:5      | Killed Grum
  4507 | D:5      | Reached skill level 8 in Axes
  4612 | D:5      | Reached skill level 5 in Shields
  4924 | D:5      | Reached skill level 9 in Axes
  5458 | D:6      | Reached XP level 9. HP: 27/79 MP: 2/9
  5607 | D:6      | Reached **** piety under Beogh
  5669 | D:6      | Gained Hawl as an ally
  5829 | D:6      | Reached skill level 5 in Dodging
  5924 | D:6      | Reached ***** piety under Beogh
  5961 | D:6      | Reached skill level 10 in Axes
  6021 | D:6      | Found a stormy altar of Qazlal.
  7166 | D:7      | Noticed Menkaure
  7173 | D:7      | Killed Menkaure
  7241 | D:7      | Identified the +3 spear "Veogao" {flame, rC+ Dex+3}
  7255 | D:7      | Reached skill level 11 in Axes
  7763 | D:7      | Noticed Duvessa
  7763 | D:7      | Noticed Dowan
  7770 | D:7      | Killed Duvessa
  7776 | D:7      | Killed Dowan
  7898 | D:7      | Reached XP level 10. HP: 90/90 MP: 10/10
  8201 | D:7      | Found a sacrificial altar of Ru.
  8201 | D:7      | Found an ornate altar of the Wu Jian Council.
  8610 | D:8      | Noticed Maurice
  8614 | D:8      | Killed Maurice
  8615 | D:8      | Reached skill level 12 in Axes
  8929 | D:8      | Paralysed by a hornet for 2 turns
  9067 | D:8      | Found a hazy altar of Hepliaklqana.
  9126 | D:8      | Reached skill level 1 in Invocations
  9387 | D:8      | Noticed Prince Ribbit
  9406 | D:8      | Killed Prince Ribbit
  9661 | D:9      | Noticed a two-headed ogre
  9664 | D:9      | Noticed a two-headed ogre
  9666 | D:9      | Noticed a two-headed ogre
  9746 | D:9      | Killed a two-headed ogre
  9747 | D:9      | Reached skill level 13 in Axes
  9761 | D:9      | Killed a two-headed ogre
  9836 | D:9      | Reached skill level 5 in Invocations
 10057 | D:9      | Reached XP level 11. HP: 97/97 MP: 15/15
 10080 | D:9      | Found a staircase to the Lair.
 10460 | D:9      | Gained Urtork as an ally
 10481 | D:9      | Killed a two-headed ogre
 10481 | D:9      | Noticed a two-headed ogre
 10482 | D:9      | Reached skill level 14 in Axes
 10529 | D:9      | Killed a two-headed ogre
 10530 | D:9      | Reached skill level 10 in Fighting
 11122 | D:10     | Entered Level 10 of the Dungeon
 11126 | D:10     | Noticed a four-headed hydra
 11131 | D:10     | Noticed a two-headed ogre
 11138 | D:10     | Killed a two-headed ogre
 11518 | D:10     | Gained Wargath as an ally
 11590 | D:10     | Noticed Harold
 11604 | D:10     | Killed Harold
 11785 | D:11     | Found a staircase to the Orcish Mines.
 12041 | D:11     | Reached skill level 15 in Axes
 12449 | D:11     | Noticed a cyclops
 12461 | D:11     | Killed a cyclops
 12996 | D:12     | Reached XP level 12. HP: 75/108 MP: 13/19
 13206 | D:12     | Reached ****** piety under Beogh
 13274 | D:12     | Noticed a two-headed ogre
 13286 | D:12     | Killed a two-headed ogre
 13679 | D:12     | Reached skill level 10 in Invocations
 13831 | Orc:1    | Entered Level 1 of the Orcish Mines
 13918 | Orc:2    | Entered Level 2 of the Orcish Mines
 14386 | Orc:2    | Found a radiant altar of Vehumet.
 14463 | Orc:2    | Found a staircase to the Elven Halls.
 14476 | Orc:2    | Gained Ogrik as an ally
 14497 | Orc:2    | Gained Wardok as an ally
 14499 | Orc:2    | Gained Olfrun as an ally
 14504 | Orc:2    | Killed an orc high priest
 14517 | Orc:2    | Noticed an orc high priest
 14522 | Orc:2    | Gained Ugrim as an ally
 14526 | Orc:2    | Killed an orc high priest
 14843 | Orc:2    | Reached skill level 16 in Axes
 14844 | Orc:2    | Noticed an orc high priest
 14849 | Orc:2    | Noticed an orc high priest
 14850 | Orc:2    | Noticed a soul eater
 14863 | Orc:2    | Gained mutation: You sometimes lose your temper in combat.
                  | [a neqoxec]
 14867 | Orc:2    | Killed an orc high priest
 14870 | Orc:2    | Lost mutation: You sometimes lose your temper in combat.
                  | [potion of mutation]
 14870 | Orc:2    | Gained mutation: You are dopey. (Int -2) [potion of
                  | mutation]
 14870 | Orc:2    | Gained mutation: Your flesh is heat resistant. (rF+)
                  | [potion of mutation]
 14870 | Orc:2    | Gained mutation: Your spells are a little harder to cast,
                  | but a little more powerful. [potion of mutation]
 14871 | Orc:2    | Found Pocousikk's Distillery.
 14871 | Orc:2    | Found Ycrueco's Book Shoppe.
 14871 | Orc:2    | Found Yfipeuna's Magic Scroll Emporium.
 14877 | Orc:2    | Found Zaliska's Book Shoppe.
 14880 | Orc:2    | Bought a book of Spatial Translocations for 270 gold pieces
 14883 | Orc:2    | Learned a level 2 spell: Blink
 14884 | Orc:2    | Bought a scroll of enchant weapon for 112 gold pieces
 14884 | Orc:2    | Bought 2 scrolls of enchant weapon for 225 gold pieces
 14884 | Orc:2    | Bought a scroll of enchant weapon for 112 gold pieces
 14884 | Orc:2    | Bought a scroll of fear for 60 gold pieces
 15561 | Lair:1   | Entered Level 1 of the Lair of Beasts
 15638 | Lair:1   | Reached skill level 1 in Translocations
 15783 | Lair:1   | Reached skill level 1 in Evocations
 15853 | Lair:1   | Learned a level 4 spell: Animate Armour
 16701 | Lair:2   | Reached XP level 13. HP: 116/116 MP: 21/21
 16741 | Lair:2   | Reached skill level 1 in Spellcasting
 16831 | Lair:2   | Gained Agrik as an ally
 16949 | Lair:2   | Identified the +3 mace of Suicidal Tendencies {freeze,
                  | Dex+2 Stlth+}
 17254 | Lair:2   | Identified the ring of Sunlight {+Blink rN+}
 17270 | Lair:2   | Found a staircase to the Snake Pit.
 18011 | Lair:3   | Reached skill level 17 in Axes
 18359 | Lair:3   | Found a staircase to the Shoals.
 18415 | Lair:3   | Found the +5 woodcutter's axe
 19067 | Lair:4   | Gained Ugbert as an ally
 19072 | Lair:4   | Gained Olfrun as an ally
 19622 | Lair:4   | Reached skill level 5 in Evocations
 19750 | Lair:5   | Entered Level 5 of the Lair of Beasts
 19771 | Lair:5   | Your ally Olfrun died
 19778 | Lair:5   | Reached XP level 14. HP: 91/126 MP: 19/23
 20150 | Lair:5   | Reached skill level 5 in Translocations
 20156 | Lair:5   | Noticed Sonja
 20186 | Lair:5   | Killed Sonja
 20395 | Lair:5   | Identified the +5 sling "Zaez" {flame, Str+3 Int+3}
 20565 | Lair:5   | Found a staircase to the Slime Pits.
 20565 | Lair:5   | Found a viscous altar of Jiyva.
 20775 | Lair:5   | Reached skill level 18 in Axes
 21254 | D:13     | Noticed Frances
 21261 | D:13     | Killed Frances
 21406 | D:13     | Noticed Lodul
 21433 | D:13     | Killed Lodul
 21669 | D:13     | Found a frozen archway.
 21691 | IceCv    | Entered an ice cave
 22912 | IceCv    | Noticed a quicksilver ooze
 22919 | IceCv    | Killed a quicksilver ooze
 22920 | IceCv    | Reached XP level 15. HP: 131/134 MP: 25/25
 22930 | IceCv    | Found a viscous altar of Jiyva.
 22930 | IceCv    | Noticed an azure jelly
 22940 | IceCv    | Killed an azure jelly
 22981 | IceCv    | Identified the ring "Kiamen" {Wiz Fly Str+3 Int+3}
 22992 | IceCv    | Identified the ring "Weul" {*Slow rElec MP+9 Int+4 Stlth+}
 23434 | D:13     | Noticed Nessos
 23447 | D:13     | Killed Nessos
 23448 | D:13     | Reached skill level 1 in Summonings
 23686 | D:13     | Reached skill level 1 in Earth Magic
 24967 | D:14     | Identified the ring "Noxzah" {rElec Will+ rCorr MP+9 Dex-5}
 25067 | D:14     | Found a gate to the Vaults.
 25716 | D:15     | Entered Level 15 of the Dungeon
 27179 | D:15     | Found a staircase to the Depths.
 27530 | D:15     | Reached skill level 19 in Axes
 27534 | D:15     | Reached skill level 15 in Invocations
 27618 | D:15     | Gained Garbold as an ally
 27632 | D:15     | Your ally Garbold died
 28327 | D:15     | Identified the +0 pair of boots "Heaffyxe" {Harm rC+ Int-3}
 28650 | Shoals:1 | Entered Level 1 of the Shoals
 29107 | Shoals:1 | Reached XP level 16. HP: 76/143 MP: 27/27
 29434 | Shoals:1 | Reached skill level 1 in Armour
 30321 | Shoals:2 | Gained Borgoth as an ally
 30721 | Shoals:2 | Reached skill level 5 in Summonings
 30721 | Shoals:2 | Reached skill level 5 in Earth Magic
 30949 | Shoals:2 | Noticed a kraken
 30960 | Shoals:2 | Killed a kraken
 31178 | Shoals:2 | Your ally Borgoth died
 32632 | Shoals:3 | Bought a scroll of magic mapping for 112 gold pieces
 32632 | Shoals:3 | Bought a scroll of teleportation for 45 gold pieces
 33547 | Shoals:3 | Reached skill level 5 in Spellcasting
 33805 | Shoals:4 | Entered Level 4 of the Shoals
 33841 | Shoals:4 | Reached skill level 10 in Shields
 33874 | Shoals:4 | Got Viudoem's Second Course in Mysticism
 34003 | Shoals:4 | Reached XP level 17. HP: 84/150 MP: 29/29
 34288 | Shoals:4 | Gained Harm as an ally
 34512 | Shoals:4 | Identified the amulet "Gessik" {-Cast rF+ Regen+ rCorr
                  | Dex+5}
 34805 | Shoals:4 | Your ally Harm died
 34808 | Shoals:4 | HP: 4/151 [frost giant/bolt of cold (36)]
 34809 | Shoals:4 | Killed from afar by a frost giant

Illustrated notes

Levels and vault maps discovered:
D:1:      wander_arrival_peaceful_grave, layout_basic, serial_forest,
          infiniplex_forest_clump_cross, infiniplex_forest_corner_2,
          infiniplex_forest_lined_room_2, infiniplex_forest_end_1,
          infiniplex_forest_straight_1, infiniplex_forest_straight_4,
          infiniplex_forest_straight_2, infiniplex_forest_zigzag_1,
          infiniplex_forest_lined_3, infiniplex_forest_split,
          nicolae_ecumenical_snake_handling, kennysheep_decorative_pillar,
          chequers_serial_rivers_micro_e
D:2:      layout_basic, basic_altar, kennysheep_generic_room_8
D:3:      layout_basic, uniq_jessica
D:4:      layout_basic, temple_fountains, uniq_ijyb
D:5:      layout_cave_pods, general_overflow_altar, serial_gnoll_camp,
          grums_kennel, gnoll_camp_mini_doghouse, gnoll_camp_huts_basic,
          gnoll_camp_mini_basic, gnoll_camp_mini_hut
D:6:      minmay_goblin_kobold_castle, layout_gridville,
          nicolae_qazlal_general_emergency
D:7:      layout_gridville, gammafunk_temple_overflow_pools, uniq_menkaure,
          uniq_duvessa
D:8:      layout_loops_ring, mainiacjoe_overflow_boulevard, uniq_prince_ribbit1,
          uniq_maurice
D:9:      layout_gridville, erik_lair_island, serial_park_tiny_pond,
          hangedman_minor_gate_pass
D:10:     nicolae_cairo_tiling_large, layout_rooms, uniq_harold
D:11:     layout_roguey, zombieorc2_lemuel
D:12:     layout_loops_cross, minmay_strange_pillars,
          chequers_serial_rivers_micro_d
D:13:     layout_small_grid, portal_ice_cave_rime, roderic_serpentine_path,
          uniq_frances, uniq_nessos, uniq_lodul
D:14:     layout_grid_maze, erik_vaults_2, serial_park_square3
          [serial_park_minivault_5x5_1]
D:15:     grunt_enter_depths_hoard, layout_loops_ring, serial_park_tiny_2,
          grunt_ministairs_2, due_unseen_surprise
Lair:1:   layout_gridlike, serial_bayou_crossing
Lair:2:   layout_small_grid, nicolae_snake_entry_squirm, serial_bayou_shore_a
Lair:3:   layout_chaotic_city, elwin_shoals_entry_stream,
          infiniplex_staircase_pool
Lair:4:   layout_gridlike, eino_house_with_fridge, lemuel_fruit_fields
Lair:5:   minmay_lair_end_frog_pond, layout_loops_ring,
          nicolae_slime_entry_slimehenge, uniq_sonja
Shoals:1: layout_shoals
Shoals:2: layout_shoals
Shoals:3: layout_shoals, serial_shops, nicolae_shop_waterfront,
          nicolae_shoals_hunting_party
Shoals:4: shoals_end_grunt_ice, layout_shoals,
          nicolae_shoals_nautilus_by_nature, nicolae_shoals_cliffside_cave
Orc:1:    layout_diamond_mine
Orc:2:    st_orc_mages, layout_diamond_mine, basic_altar

Skill      XL: |  1  2  3  4  5  6  7  8  9 10 11 12 13 14 15 16 |
---------------+-------------------------------------------------+-----
Shields        | 1 2 3 4 5 6 7 8 9 10 | 10.1
Fighting       | 4 5 6 7 8 9 10 11 12 13 | 13.7
Dodging        | 3 4 5 6 7 |  7.9
Axes           | 5 6 7 9 11 13 15 16 17 18 19 | 19.1
Invocations    | 5 9 11 12 14 15 16 | 16.4
Translocations | 2 4 5 6 |  6.0
Evocations     | 2 5 7 8 9 |  9.9
Spellcasting   | 2 3 4 5 |  5.2
Summonings     | 4 6 |  6.7
Earth Magic    | 4 6 |  6.7
Armour         | 3 |  3.9
Stealth        | |  1.5

Action                     |  1- 3 |  4- 6 |  7- 9 | 10-12 | 13-15 | 16-18 || total
---------------------------+-------+-------+-------+-------+-------+-------++-------
  Melee: Hand axe          |   324 |   204 |   384 |   558 |       |       ||  1470
         Unarmed           |       |     5 |       |       |       |       ||     5
         Broad axe         |       |       |       |   104 |  1011 |   515 ||  1630
  Throw: Dart              |       |       |     2 |    13 |       |     1 ||    16
 Invoke: Convert to Beogh  |       |     1 |       |       |       |       ||     1
         Give Item to Name |       |       |     1 |       |     1 |     1 ||     3
         Smiting           |       |       |       |     2 |     4 |       ||     6
         Recall Orcish Fol |       |       |       |       |     2 |       ||     2
  Evoke: Wand              |       |       |       |     3 |    19 |       ||    22
    Use: Scroll            |       |     5 |     7 |    19 |     5 |     4 ||    40
         Potion            |       |       |     3 |     5 |     2 |     1 ||    11
   Stab: Sleeping          |     2 |     1 |       |       |       |       ||     3
         Distracted        |       |     1 |     1 |     4 |     7 |     1 ||    14
 Armour: Robe              |     7 |       |       |       |       |       ||     7
         Ring mail         |    31 |    24 |       |       |       |       ||    55
         Chain mail        |       |    68 |   188 |   170 |       |       ||   426
         Skin              |       |     3 |       |       |       |       ||     3
         Plate armour      |       |       |       |    90 |   451 |   379 ||   920
         Ice dragon scales |       |       |       |       |    78 |       ||    78
  Dodge: Dodged            |    76 |    54 |   152 |   202 |   244 |   160 ||   888
  Block: Buckler           |    31 |    40 |    86 |   124 |   121 |       ||   402
         Kite shield       |       |       |       |       |   236 |   318 ||   554

Table legend: (Time is in decaauts)
 A = Elapsed time spent in this place.
 B = Non-inter-level travel time spent in this place.
 C = Inter-level travel time spent in this place.
 D = Time resting spent in this place.
 E = Time spent auto-exploring this place.
 F = Levels seen in this place.
 G = Mean time per level.
                   A        B        C        D        E       F      G
               +--------+--------+--------+--------+--------+-----+--------+
         Total |  34347 |  32467 |   1880 |   4156 |  21826 |  27 | 1272.1 |
       Dungeon |  19696 |  18364 |   1332 |   1900 |  12543 |  15 | 1313.1 |
          Lair |   5593 |   5330 |    263 |    233 |   4220 |   5 | 1118.6 |
        Shoals |   6064 |   5883 |    181 |   1015 |   3798 |   4 | 1516.0 |
  Orcish Mines |   1642 |   1539 |    103 |    398 |    880 |   2 |  821.0 |
      Ice Cave |   1351 |   1351 |      0 |    610 |    385 |   1 | 1351.0 |
               +--------+--------+--------+--------+--------+-----+--------+

Top non-repeatable levels by time:
    D:14: 2358 daAuts
Shoals:2: 2183 daAuts
     D:6: 1863 daAuts
    D:13: 1852 daAuts
Shoals:1: 1579 daAuts
    D:15: 1550 daAuts
     D:9: 1528 daAuts
     D:5: 1527 daAuts
   Orc:2: 1402 daAuts
     D:1: 1377 daAuts
   IceCv: 1351 daAuts
Shoals:3: 1319 daAuts
  Lair:5: 1287 daAuts
  Lair:2: 1283 daAuts
    D:12: 1146 daAuts
